 Dungeon Sprint DCSS version 0.29.1-13-g9f3cf754e1 (webtiles) character file.

Game seed: 17330355350938743091

3300000 theswoord the Axe Maniac (level 18, -25/182 HPs)
             Began as a Mummy Monk on Jan 24, 2023.
             Was the Champion of Makhleb.
             Annihilated by The Servant
             ... wielding a +9 glaive of flaming
              (36 damage)
             ... in the Dungeon (Sprint VIII: "Arena of Blood").
             The game lasted 00:02:03 (33 turns).

theswoord the Axe Maniac (Mummy Monk)                 Turns: 33, Time: 00:02:04

Health: -25/182    AC:  3    Str: 22    XL:     18   Next: 33%
Magic:  17/34      EV: 26    Int: 10    God:    Makhleb [******]
Gold:   0          SH:  0    Dex: 14    Spells: 41/41 levels left

rFire   x . .      SeeInvis .   d - +∞ Axe of Woe
rCold   + . .      Faith    .   (shield currently unavailable)
rNeg    + + +      Spirit   .   b - +0 robe
rPois   ∞          Reflect  .   (no helmet)
rElec   .          Harm     .   (no cloak)
rCorr   .          Rampage  .   (no gloves)
Will    ++...      NoTele   +   (no boots)
Stlth   ++++++++..              (no amulet)
HPRegen 0.40/turn               (no ring)
MPRegen 0.24/turn               (no ring)

@: no status effects
A: cold resistance 1, negative energy resistance 3, torment resistance 2, heat
vulnerability 1, in touch with death 2, no potions
a: Renounce Religion, Minor Destruction, Lesser Servant of Makhleb, Major
Destruction, Greater Servant of Makhleb


You were in the Dungeon.
You worshipped Makhleb.
Makhleb was exalted by your worship.
You visited 1 branch

Inventory:

Hand Weapons
 a - a +0 hand axe
 d - the +∞ Axe of Woe (weapon)
   (You found it in the Dungeon)
Armour
 b - a +0 robe (worn)
Scrolls
 c - a scroll of blinking


   Skills:
 O Level 27 Fighting
 O Level 27 Axes
 + Level 20.2 Armour
 O Level 27 Dodging
 + Level 21.9 Stealth
 + Level 12.3 Spellcasting
 + Level 9.5 Invocations


You had 41 spell levels left.
You didn't know any spells.
Your spell library was empty.

Dungeon Overview and Level Annotations

Branches:
Dungeon (1/1)

Altars:
Makhleb

Annotations:
D The Servant


Innate Abilities, Weirdness & Mutations

You are immune to poison.
Your flesh is cold resistant. (rC+)
You are immune to negative energy. (rN+++)
You are immune to unholy pain and torment.
You are vulnerable to heat. (rF-)
You are strongly in touch with the powers of death.
You do not drink.


Message History

You kill the meat berserker!
Makhleb accepts your kill.
You hear two shouts!
You hear a shout! x5
The destroyer casts a spell at you.
The destroyer blinks!
You hear a shout! x2
Your Stealth skill increases to level 21!
Your Spellcasting skill gained 3 levels and is now at level 10!
Your Invocations skill gained 3 levels and is now at level 8!
You have reached level 18!
The bag of meat shouts!
You slice the bag of meat!!
You hew the bag of meat savagely.
You kill the bag of meat!
Makhleb accepts your kill.
You feel better.
The destroyer appears out of thin air!
A destroyer comes into view. It is wielding a +9 vorpal great sword.
The destroyer shouts!
You hear a shout! x2
The meat berserker rages.
You hear a shout!
The destroyer casts a spell at you.
The destroyer blinks!
The destroyer casts a spell at you.
The destroyer blinks!
A meat berserker comes into view. It is wielding a +9 battleaxe.
You hear a shout! x4
Your Armour skill increases to level 20!
You have mastered Dodging!
Your Spellcasting skill gained 2 levels and is now at level 12!
Your Invocations skill increases to level 9!
You hear a shout! x5
A bag of meat comes into view. It is wielding a +9 war axe. x2
You hear a shout!
The destroyer gestures at you while chanting.
The destroyer blinks!
You hear a shout!
The Servant hits you from afar with a +9 glaive of flaming!!!!
Ouch! That really hurt!
* * * LOW HITPOINT WARNING * * *
The Servant burns you!!!
You die...

#.. ...# . .###..
...###...
......###........
......V.........
#....V# .....
#_.§§§#......
..#...V)#@.....
.....o_§§§.....§
......###@)§.....
.###....O..###...
#..o....# ..
#.......#
..OVVO....
...........
...o.......
.o.Oo§....##


You could see The Servant, 5 destroyers, a large bag of meat (inner flame), 3
meat berserkers and 5 bags of meat.

Vanquished Creatures
  A vampire knight (D)
  4 ogres (D)
  A two-headed ogre (D)
  20 orcs (D)
26 creatures vanquished.

Notes
Turn   | Place    | Note
-------+----------+-------------------------------------------
     0 | D        | Found the +∞ Axe of Woe
     0 | D        | theswoord the Mummy Monk began the quest for the Orb.
     0 | D        | Reached XP level 1. HP: 18/18 MP: 1/1
     2 | D        | Noticed a bag of meat
     3 | D        | Noticed a bag of meat
     3 | D        | Noticed a bag of meat
     4 | D        | Noticed a bag of meat
     4 | D        | Became a worshipper of Makhleb the Destroyer
     4 | D        | Reached * piety under Makhleb
     4 | D        | Reached ** piety under Makhleb
     4 | D        | Noticed a bag of meat
     6 | D        | Killed a bag of meat
     6 | D        | Killed a bag of meat
     6 | D        | Noticed a bag of meat
     7 | D        | Reached XP level 2. HP: 47/47 MP: 2/2
     7 | D        | Gained mutation: You are in touch with the powers of death.
                  | [Mummy growth]
     7 | D        | Reached XP level 3. HP: 53/53 MP: 3/3
     7 | D        | Reached XP level 4. HP: 60/60 MP: 4/4
     7 | D        | Reached XP level 5. HP: 67/67 MP: 5/5
     7 | D        | Reached XP level 6. HP: 74/74 MP: 6/6
     7 | D        | Reached XP level 7. HP: 80/80 MP: 7/7
     7 | D        | Reached XP level 8. HP: 87/87 MP: 8/8
     7 | D        | Reached XP level 9. HP: 94/94 MP: 9/9
     7 | D        | Reached XP level 10. HP: 101/101 MP: 10/10
     7 | D        | Reached XP level 11. HP: 107/107 MP: 11/11
     8 | D        | Killed a bag of meat
     8 | D        | Noticed a bag of meat
     9 | D        | Reached XP level 12. HP: 119/119 MP: 12/12
     9 | D        | Killed a bag of meat
     9 | D        | Reached *** piety under Makhleb
    10 | D        | Gained mutation: You are strongly in touch with the powers
                  | of death. [Mummy growth]
    10 | D        | Reached XP level 13. HP: 127/127 MP: 13/13
    10 | D        | Killed a bag of meat
    10 | D        | Killed a bag of meat
    11 | D        | Noticed a bag of meat
    11 | D        | Noticed a bag of meat
    12 | D        | Noticed a meat berserker
    12 | D        | Noticed a bag of meat
    12 | D        | Noticed a bag of meat
    13 | D        | Noticed a bag of meat
    13 | D        | Noticed a bag of meat
    14 | D        | Killed a bag of meat
    14 | D        | Reached **** piety under Makhleb
    14 | D        | Noticed a meat berserker
    14 | D        | Noticed a bag of meat
    14 | D        | Noticed a bag of meat
    15 | D        | Reached XP level 14. HP: 141/141 MP: 14/14
    15 | D        | Killed a meat berserker
    16 | D        | Reached skill level 27 in Axes
    16 | D        | Noticed a meat berserker
    16 | D        | Killed a meat berserker
    16 | D        | Killed a bag of meat
    16 | D        | Reached ***** piety under Makhleb
    17 | D        | Reached skill level 27 in Fighting
    17 | D        | Reached skill level 10 in Dodging
    17 | D        | Reached XP level 15. HP: 159/159 MP: 15/15
    20 | D        | Killed a meat berserker
    21 | D        | Reached XP level 16. HP: 167/167 MP: 16/16
    23 | D        | Reached skill level 15 in Stealth
    23 | D        | Reached ****** piety under Makhleb
    24 | D        | Reached skill level 15 in Armour
    24 | D        | Noticed a large bag of meat
    25 | D        | Noticed a destroyer
    26 | D        | Noticed a destroyer
    26 | D        | Killed a destroyer
    26 | D        | Noticed a meat berserker
    27 | D        | Reached XP level 17. HP: 174/174 MP: 17/17
    28 | D        | Killed a large bag of meat
    29 | D        | Reached skill level 5 in Invocations
    29 | D        | Noticed a meat berserker
    29 | D        | Noticed The Servant
    29 | D        | Noticed a destroyer
    29 | D        | Noticed a destroyer
    30 | D        | Noticed a destroyer
    31 | D        | Noticed a meat berserker
    31 | D        | Killed a meat berserker
    32 | D        | Reached skill level 10 in Spellcasting
    32 | D        | Reached XP level 18. HP: 117/182 MP: 17/32
    32 | D        | Noticed a destroyer
    32 | D        | Noticed a meat berserker
    33 | D        | Reached skill level 27 in Dodging
    33 | D        | Annihilated by The Servant

Skill      XL: |  1  2  3  4  5  6  7  8  9 10 11 12 13 14 15 16 17 18 |
---------------+-------------------------------------------------------+-----
Fighting       | 17 19 20 22 27 | 27.0
Axes           | 20 22 23 26 27 | 27.0
Armour         | 6 12 18 19 20 | 20.2
Dodging        | 10 17 25 26 27 | 27.0
Stealth        | 7 13 20 21 | 21.9
Spellcasting   | 10 12 | 12.3
Invocations    | 8 9 |  9.5

Action                   |  1- 3 |  4- 6 |  7- 9 | 10-12 | 13-15 | 16-18 || total
-------------------------+-------+-------+-------+-------+-------+-------++-------
Melee: Executioner's axe |     1 |       |       |     2 |     6 |     8 ||    17

Levels and vault maps discovered:
D:        meatsprint
